 Dungeon Crawl Stone Soup version 0.30.1 (webtiles) character file.

Game seed: 13349814287203175594

11263 safid the Frost Mage (level 11, -4/139 HPs)
             Began as a Merfolk Ice Elementalist on July 10, 2023.
             Was an Elder of Vehumet.
             Slain by an ice beast (10 damage)
             ... summoned by Fannar
             ... on level 10 of the Dungeon.
             The game lasted 00:29:57 (11660 turns).

safid the Frost Mage (Merfolk Ice Elementalist)    Turns: 11660, Time: 00:29:58

Health: -4/139     AC: 34    Str:  8    XL:     11   Next: 75%
Magic:  21/24      EV:  2    Int: 20    God:    Vehumet [****..]
Gold:   740        SH:  5    Dex: 20    Spells: 15/29 levels left

rFire   . . .        I - +3 short sword of the Thieving Gods {elec, Dex+6}
rCold   . . .        (no shield)
rNeg    . . .        a - melded +0 robe
rPois   +            B - melded +0 helmet
rElec   .            y - melded +2 cloak
rCorr   .            t - melded +0 pair of gloves
SInv    .            H - melded +1 pair of boots {Stlth+}
Will    .....        m - amulet of reflection
Stlth   ++           v - +5 ring of evasion
HPRegen 0.43/turn    z - +5 ring of evasion
MPRegen 0.19/turn

%: reflection
@: ice-armoured, tree-form
A: stationary, stasis, torment immunity, boosted hp, (nimble swimmer 2),
(mertail)
a: Renounce Religion


You were on level 10 of the Dungeon.
You worshipped Vehumet.
Vehumet was greatly pleased with you.
You were a tree.
You visited 2 branches of the dungeon, and saw 11 of its levels.
You also visited: Bailey.

You collected 762 gold pieces.
You spent 22 gold pieces at shops.

Inventory:

Hand Weapons
 I - the +3 short sword of the Thieving Gods (weapon) {elec, Dex+6}
   (You found it on level 10 of the Dungeon)

   Dex:       It affects your dexterity (+6).
Missiles
 b - 2 curare-tipped darts
Armour
 a - a +0 robe (melded)
 o - the orb "Vothrun" {*Rage, Will+}
   (You found it on level 10 of the Dungeon)

   Will:      It increases your willpower.
 t - a +0 pair of gloves (melded)
 y - a +2 cloak (melded)
 B - a +0 helmet (melded)
 H - a +1 pair of boots of stealth (melded)
Jewellery
 c - a ring of fire
 l - the ring "Yliw" {Fire *Slow Str+3 Int+6}
   (You found it on level 2 of the Dungeon)

   [ring of fire]

   It enhances your fire magic.
   Str:       It affects your strength (+3).
   Int:       It affects your intelligence (+6).
   rF:        It protects you from fire.
   rC:        It makes you vulnerable to cold.
   *Slow:     It may slow you when you take damage.
 m - an amulet of reflection (around neck)
 v - a +5 ring of evasion (left branch)
 z - a +5 ring of evasion (right branch)
 F - a ring of flight
Wands
 r - a wand of light (9)
 u - a wand of flame (32)
 D - a wand of polymorph (8)
Scrolls
 g - 2 scrolls of blinking
 h - a scroll of butterflies {unknown}
 i - 3 scrolls of teleportation
 j - a scroll of enchant armour
 k - 2 scrolls of silence
 p - a scroll of enchant weapon {unknown}
 x - 3 scrolls of fear
 A - a scroll of torment {unknown}
 C - a scroll of noise {unknown}
Potions
 d - a potion of curing
 e - a potion of lignification
 f - a potion of mutation {unknown}
 n - 3 potions of flight
 q - 3 potions of brilliance
 s - a potion of berserk rage {unknown}
 w - a potion of haste {unknown}


   Skills:
 + Level 11.2 Fighting
 - Level 4.0 Dodging
 - Level 2.1 Stealth
 + Level 9.7 Spellcasting
 + Level 12.1 Ice Magic
 + Level 3.8 Poison Magic


You had 15 spell levels left.
You knew the following spells:

 Your Spells              Type           Power      Damage    Failure   Level
a - Freeze                Ice            100%       1d10      1%          1
b - Frozen Ramparts       Ice            100%       1d16      1%          3
c - Ozocubu's Armour      Ice            55%        N/A       1%          3
d - Hailstorm             Conj/Ice       34%        3d9       1%          3
e - Olgreb's Toxic Radia  Pois           25%        N/A       4%          4

Your spell library contained the following spells:

 Spells                   Type           Power      Damage    Failure   Level
 Iskenderun's Mystic Bla  Conj/Tloc      9%         2d4       17%         4
 Poisonous Vapours        Pois/Air       34%        N/A       1%          2
 Sting                    Tmut/Pois      68%        1d6       3%          1
 Inner Flame              Hex/Fire       9%         N/A       6%          3
 Ice Form                 Ice/Tmut       34%        N/A       6%          4
 Summon Ice Beast         Ice/Summ       34%        N/A       6%          4
 Sublimation of Blood     Necr           9%         N/A       11%         2
 Wereblood                Tmut           9%         N/A       11%         2
 Flame Wave               Conj/Fire      9%         2d6       17%         4
 Sticky Flame             Conj/Fire      9%         2d3       17%         4
 Animate Dead             Necr           9%         N/A       56%         4
 Simulacrum               Ice/Necr       17%        N/A       65%         6
 Borgnjor's Vile Clutch   Necr/Erth      4%         N/A       89%         5
 Death Channel            Necr           4%         N/A       100%        6
 Summon Hydra             Summ           4%         N/A       100%        7


Dungeon Overview and Level Annotations

Branches:
Dungeon (10/15)            Temple (1/1) D:5             Orc (0/2) D:9
 Bailey (visited)
   Lair: D:8-11

Altars:
Ashenzari
Cheibriados
Dithmenos
Elyvilon
Fedhas
Gozag
Hepliaklqana
Kikubaaqudgha
Makhleb
Nemelex Xobeh
Okawaru
Qazlal
Ru
Sif Muna
Trog
Uskayaw
Vehumet
Wu Jian
Xom
Yredelemnul
Zin
The Shining One

Shops:
D:1 :   D:6 *

Annotations:
D:4 Grinder
D:7 1 runed translucent door
D:10 Fannar, Harold


Innate Abilities, Weirdness & Mutations

You are a tree.
Your roots penetrate the ground, keeping you stationary.
You cannot be teleported.
You are immune to unholy pain and torment.
Your maximum health is greatly increased.
Your equipment is partially melded.
((You are very nimble when in or above water. (Stealth+, EV+, Speed+++)))
((Your lower body shifts to a powerful aquatic tail in water.))


Message History

Confirm with . or Enter, or press ? or * to list all spells.
You begin to radiate toxic energy.
You block Fannar's attack.
The ice beast hits you but does no damage. x2
Your toxic aura wanes.
Fannar barely misses you.
The ice beast hits you but does no damage. x2
Unknown command.
Magic courses through your body.
Fannar drinks a potion.
Fannar is healed!
The ice beast barely misses you.
The ice beast hits you but does no damage.
Unknown command.
Unknown command.
Casting: Olgreb's Toxic Radiance (mildly dangerous; 4% risk of failure)
Confirm with . or Enter, or press ? or * to list all spells.
You begin to radiate toxic energy.
Fannar looks as sick as possible! x2
You block Fannar's attack. The ice beast completely misses you.
The ice beast hits you but does no damage.
Fannar looks as sick as possible!
Your toxic aura wanes.
Fannar hits you but does no damage. Fannar freezes you!
* * * LOW HITPOINT WARNING * * *
The ice beast hits you but does no damage. x2
Unknown command.
Unknown command.
You hit Fannar but do no damage.
Fannar is moderately wounded.
Fannar hits you but does no damage. Fannar freezes you!
* * * LOW HITPOINT WARNING * * *
The ice beast hits you but does no damage. x2
Unknown command.
You barely miss Fannar.
Fannar is moderately wounded.
Fannar hits you with a staff of cold.
* * * LOW HITPOINT WARNING * * *
Fannar freezes you.
* * * LOW HITPOINT WARNING * * *
The ice beast hits you.
* * * LOW HITPOINT WARNING * * *
The ice beast freezes you!
You die...

......####........# #.#
#.### ......####.######.#
#.# #.... .......'.(.## #.#
#.# #.###
.......##...#####.# #.#
........###'#...#+# #.#
......#####.......##### #.#
#...#+#.#.......[...#.#+#
#.#
#####...##.......e(##...###
#.#
..#......+......♣Y.'......#
#.
..#......##......Y##......#
..#.......#.......#.......#
..'.......####'####.......+
..#.......#..^....#.......#
..#......##.......##......#
..#......+.........+).....#
#####...##.........##...###
#...#'#.#...........#.#'#


You could see Fannar (extremely poisoned) and 2 ice beasts.

Vanquished Creatures
  Gastronok (D:10)
  Josephine (D:10)
  Erolcha (D:10)
  An orc knight (Bailey)
  Maurice (D:8)
  An unseen horror (D:9)
  A troll (D:10)
  17 yaks
  5 wraiths (D:10)
  2 steam dragons
  A water moccasin (D:7)
  7 orc warriors
  A sky beast (D:4)
  An ice beast (D:7)
  A black bear (D:7)
  3 ogres
  6 centaurs
  A phantom (D:5)
  A kobold brigand (D:7)
  5 bullfrogs
  A scorpion (D:6)
  9 wights
  3 killer bees (D:9)
  5 howler monkeys
  5 hounds
  9 orc priests
  A gnoll bouda (D:6)
  5 jellies
  A sleepcap (D:3)
  An iguana (D:7)
  5 orc wizards
  15 gnolls
  8 adders
  2 shadow imps
  A white imp (D:5)
  2 ufetubi
  2 dart slugs (D:1)
  39 orcs
  6 bats
  6 endoplasms
  2 giant cockroaches
  11 goblins
  9 hobgoblins
  5 quokkas
  4 ball pythons
  3 frilled lizards
  20 kobolds
  7 rats
245 creatures vanquished.

Notes
Turn   | Place    | Note
-------+----------+-------------------------------------------
     0 | D:1      | safid the Merfolk Ice Elementalist began the quest for the
                  | Orb.
     0 | D:1      | Reached XP level 1. HP: 13/13 MP: 3/3
   180 | D:1      | Reached XP level 2. HP: 18/20 MP: 5/5
   232 | D:1      | Reached skill level 1 in Fighting
   562 | D:1      | Found Goikhliu's Book Boutique.
   706 | D:1      | Reached XP level 3. HP: 26/26 MP: 6/6
  1001 | D:2      | Learned a level 3 spell: Frozen Ramparts
  1019 | D:2      | Learned a level 3 spell: Ozocubu's Armour
  1309 | D:2      | Found a faded altar of an unknown god.
  1355 | D:2      | Reached skill level 5 in Ice Magic
  1476 | D:2      | Identified the ring "Yliw" {Fire *Slow Str+3 Int+6}
  1546 | D:2      | Reached XP level 4. HP: 33/33 MP: 5/8
  2170 | D:3      | Reached XP level 5. HP: 38/39 MP: 9/9
  2440 | D:3      | Learned a level 3 spell: Hailstorm
  2470 | D:4      | Noticed a sky beast
  2553 | D:4      | HP: 1/39 [orc priest/divine providence (13)]
  2569 | D:4      | Killed a sky beast
  2570 | D:4      | Reached XP level 6. HP: 8/47 MP: 5/11
  2891 | D:4      | Reached skill level 6 in Ice Magic
  3035 | D:4      | Noticed Grinder
  3081 | D:4      | Reached XP level 7. HP: 54/54 MP: 2/13
  3463 | D:5      | Entered Level 5 of the Dungeon
  3704 | D:5      | Found a staircase to the Ecumenical Temple.
  3722 | Temple   | Entered the Ecumenical Temple
  3958 | Temple   | Became a worshipper of Vehumet
  4327 | D:5      | Reached skill level 5 in Fighting
  4491 | D:5      | Reached skill level 7 in Ice Magic
  4491 | D:5      | Reached XP level 8. HP: 40/62 MP: 9/15
  4842 | D:5      | Reached skill level 5 in Spellcasting
  5335 | D:6      | Found Nyviq's General Store.
  5495 | D:6      | Found a shimmering blue altar of Sif Muna.
  5567 | D:6      | Reached * piety under Vehumet
  5567 | D:6      | Offered knowledge of Foxfire by Vehumet.
  6034 | D:6      | Found a white marble altar of Elyvilon.
  6035 | D:6      | Found a hazy altar of Hepliaklqana.
  6149 | D:6      | Bought a scroll of identify for 22 gold pieces
  6259 | D:7      | Reached skill level 8 in Ice Magic
  6368 | D:7      | Reached XP level 9. HP: 33/71 MP: 8/18
  6610 | D:7      | Found a runed translucent door.
  6612 | D:7      | Found a basalt altar of Yredelemnul.
  6653 | D:7      | Offered knowledge of Static Discharge by Vehumet.
  6653 | D:7      | Reached ** piety under Vehumet
  6810 | D:7      | Found a sparkling altar of Nemelex Xobeh.
  6875 | D:7      | Reached skill level 9 in Ice Magic
  7944 | D:8      | Noticed Maurice
  7960 | D:8      | Killed Maurice
  8517 | D:9      | Reached XP level 10. HP: 82/82 MP: 18/21
  8535 | D:9      | Reached skill level 10 in Ice Magic
  8542 | D:9      | Offered knowledge of Momentum Strike by Vehumet.
  8728 | D:9      | Found a blossoming altar of Fedhas.
  8915 | D:9      | Found a flagged portal.
  8919 | D:9      | Reached *** piety under Vehumet
  8934 | Bailey   | Entered a bailey
  9204 | Bailey   | Reached skill level 11 in Ice Magic
  9332 | Bailey   | Noticed an orc knight
  9340 | Bailey   | Killed an orc knight
  9340 | Bailey   | Offered knowledge of Iskenderun's Mystic Blast by Vehumet.
  9341 | Bailey   | Reached skill level 10 in Fighting
  9351 | Bailey   | Reached XP level 11. HP: 91/91 MP: 10/23
  9927 | D:9      | Found a staircase to the Orcish Mines.
 10187 | D:10     | Entered Level 10 of the Dungeon
 10214 | D:10     | Noticed Fannar
 10602 | D:9      | Learned a level 4 spell: Olgreb's Toxic Radiance
 10752 | D:10     | Noticed Gastronok
 10774 | D:10     | Killed Gastronok
 10976 | D:10     | Identified the +3 short sword of the Thieving Gods {elec,
                  | Dex+6}
 11022 | D:10     | Noticed Harold
 11081 | D:10     | Noticed Josephine
 11092 | D:10     | Killed Josephine
 11311 | D:10     | Identified the orb "Vothrun" {*Rage, Will+}
 11385 | D:10     | Reached skill level 12 in Ice Magic
 11412 | D:10     | Noticed Erolcha
 11425 | D:10     | Killed Erolcha
 11517 | D:10     | Reached **** piety under Vehumet
 11660 | D:10     | HP: 6/139 [ice beast[Fannar] (1)]
 11660 | D:10     | Slain by an ice beast

Illustrated notes

Levels and vault maps discovered:
D:1:      minmay_arrival_shattered_statue, layout_basic, serial_shops, shop,
          minmay_misc_feat_columns, grunt_decor_junction, minmay_tall_x
D:2:      layout_basic, hellmonk_ecumenical_altar_heavens_door
D:3:      layout_basic, columned_hall_lemuel, minmay_three_crescents
D:4:      layout_cave_pools, minmay_strange_pillars, kennysheep_generic_room_13,
          uniq_grinder
D:5:      layout_gridville, temple_fountains
D:6:      layout_cave_pools, led_sif_pool, gammafunk_temple_overflow_statue,
          nicolae_inconvenience_store, amcnicky_mini_pool_medium
D:7:      layout_rooms, dk_yredelemnul_ordeal, mainiacjoe_overflow_alcove_1
D:8:      minmay_general_purpose_star, layout_loops_corners, uniq_maurice
D:9:      layout_cave_pods, fedhas_bush_and_centaur_altar, orc_0_dummy,
          enter_bailey_7
D:10:     nicolae_cairo_tiling_very_big, layout_small_grid, uniq_josephine,
          uniq_erolcha, uniq_fannar, uniq_harold, uniq_gastronok
Temple:   eino_temple_rhombus

Skill      XL: |  1  2  3  4  5  6  7  8  9 10 11 |
---------------+----------------------------------+-----
Fighting       | 1 2 3 4 5 6 8 10 11 | 11.2
Ice Magic      | 5 6 7 8 9 11 12 | 12.1
Spellcasting   | 3 4 6 7 8 9 |  9.7
Dodging        | 3 4 |  4.0
Poison Magic   | 3 |  3.8
Stealth        | |  2.1

Action                     |  1- 3 |  4- 6 |  7- 9 | 10-12 || total
---------------------------+-------+-------+-------+-------++-------
  Melee: Spear             |    76 |     4 |       |       ||    80
         Dagger            |       |    63 |   149 |   124 ||   336
         Punch             |       |     1 |     4 |     2 ||     7
         Tailslap          |       |       |       |     1 ||     1
         Short sword       |       |       |       |    52 ||    52
   Cast: Freeze            |    33 |    20 |    29 |    27 ||   109
         Frozen Ramparts   |       |     7 |    37 |    34 ||    78
         Ozocubu's Armour  |       |     4 |    31 |    21 ||    56
         Hailstorm         |       |       |     6 |     9 ||    15
         Olgreb's Toxic Ra |       |       |       |     6 ||     6
  Evoke: Wand              |       |       |     5 |       ||     5
    Use: Potion            |       |     2 |       |     6 ||     8
         Scroll            |       |       |     6 |     5 ||    11
   Stab: Sleeping          |     9 |     4 |     1 |     3 ||    17
 Armour: Robe              |    11 |    22 |    42 |    45 ||   120
         Skin              |       |       |       |    14 ||    14
  Dodge: Dodged            |    45 |    64 |   130 |   193 ||   432
  Block: Other             |       |    15 |    57 |    41 ||   113
         Reflection        |       |       |     4 |     1 ||     5
